AoeStats
← pelto

Golden Pit

509911797Analyzed
1v1 RM · 4d ago on Sep 28, 2026· 51m 24s· 2 players
Game mode
Random Map
Map size
Tiny (2 player)
Population
200
Speed
Normal
Resources
Standard
Victory
Conquest
Starting age
Dark Age
Ending age
Imperial Age
RankedLock teamsTeams togetherTeam positionsShared explorationLock speedFull tech treeHidden civsTurbo modeCheats
Victory
Defeat
🇺🇸 Japanese · United States
613
+14
🇺🇸 Portuguese · United States
577
-14
pelto
3:43 Loom
11:37 Feudal Age
13:43 Wheelbarrow
20:06 Scale Mail Armor
25:29 Castle Age
26:46 Bloodlines
27:46 Hand Cart
33:08 Town Watch
37:22 Imperial Age
35:41 Chain Mail Armor
35:32 Scale Barding Armor
34:56 Pikeman
37:14 Town Patrol
39:41 Halberdier
Osibexe
0:40 Loom
10:50 Feudal Age
11:55 Double-Bit Axe
20:22 Horse Collar
26:14 Castle Age
25:47 Scale Mail Armor
25:58 Forging
25:15 Man-at-Arms
25:51 Stone Mining
25:52 Gold Mining
26:51 Long Swordsman
27:34 Squires
30:31 Bow Saw
29:49 Pikeman
31:16 Crossbowman
34:09 Heavy Plow
36:23 Chain Mail Armor
41:04 Imperial Age
42:08 Conscription
41:44 Two-Handed Swordsman
41:47 Halberdier
43:10 Iron Casting
43:08 Plate Mail Armor
45:45 Wheelbarrow
44:56 Town Watch
47:45 Hand Cart
47:31 Town Patrol
48:34 Chemistry
47:55 Ballistics
Connection lost

Rejoining the realm…

Still unreachable

The connection could not be restored.

Session expired

The server has moved on; the page needs a fresh start.